 Dungeon Crawl Stone Soup version 0.28-a0-239-g68911e0c57 (webtiles) character file.

Game seed: 11158267739873253255

2053 dolemite99 the Basher (level 9, -6/63 HPs)
             Began as a Human Monk on Aug 24, 2021.
             Was a Priest of Cheibriados.
             Killed from afar by Maggie (15 damage)
             ... with a bolt of fire
             ... on level 7 of the Dungeon.
             The game lasted 00:11:34 (9335 turns).

dolemite99 the Basher (Human Monk)                  Turns: 9335, Time: 00:11:35

Health: -6/63      AC: 16    Str: 19 (22) XL:     9   Next: 49%
Magic:  8/13       EV:  8    Int: 22 (25) God:    Cheibriados [***...]
Gold:   145        SH:  0    Dex: 22 (24) Spells: 8/8 levels left

rFire   . . .      SeeInvis .   k - +2 dire flail (protect)
rCold   . . .      Faith    +   (shield currently unavailable)
rNeg    + . .      Spirit   .   o - +0 chain mail
rPois   +          Reflect  .   (no helmet)
rElec   .          Harm     .   (no cloak)
rCorr   .          Rampage  .   (no gloves)
Will    .....                   n - +0 pair of boots
Stlth   ..........              f - amulet of faith
HPRegen 0.20/turn               u - ring "Zogezar" {rPois rN+ Int+6}
MPRegen 0.13/turn               (no ring)

@: under a protective aura, very slow
A: no striking features
a: Renounce Religion, Bend Time, Temporal Distortion


You were on level 7 of the Dungeon.
You worshipped Cheibriados.
Cheibriados was most pleased with you.
You visited 1 branch of the dungeon, and saw 7 of its levels.

You collected 211 gold pieces.
You spent 66 gold pieces at shops.

Inventory:

Hand Weapons
 a - a +0 hand axe
 h - a +2 whip of freezing
 k - a +2 dire flail of protection (weapon)
 r - a +2 flail of holy wrath
 w - a +6 mace of protection
 x - a +2 falchion of electrocution
Missiles
 d - 176 arrows
 e - 162 stones
 g - 12 bolts
 m - 13 poisoned darts (quivered)
 q - 27 sling bullets
Armour
 c - a +0 ring mail
 l - a +0 scale mail
 n - a +0 pair of boots (worn)
 o - a +0 chain mail (worn)
Jewellery
 f - an amulet of faith (around neck)
 p - a +4 ring of evasion
 u - the ring "Zogezar" (left hand) {rPois rN+ Int+6}
   (You found it on level 6 of the Dungeon)

   [ring of intelligence]

   Int:       It affects your intelligence (+6).
   rPois:     It protects you from poison.
   rN:        It protects you from negative energy.
Wands
 b - a wand of flame (9)
 A - a wand of iceblast (13)
Scrolls
 i - a scroll of enchant armour
 j - 3 scrolls of fog
 y - a scroll of magic mapping
Potions
 t - 3 potions of brilliance
 v - a potion of attraction {unknown}


   Skills:
 - Level 3.0 Fighting
 - Level 6.0(8.2) Axes
 + Level 8.7(9.5) Maces & Flails
 - Level 1.4 Throwing
 - Level 3.0 Dodging
 - Level 2.0 Stealth
 - Level 6.2 Invocations


You had 8 spell levels left.
You didn't know any spells.
Your spell library was empty.

Dungeon Overview and Level Annotations

Branches:
Dungeon (7/15)
 Temple: D:4-7

Altars:
Cheibriados

Shops:
D:2 ?   D:4 (

Annotations:
D:5 Sigmund
D:7 Maggie


Message History

You throw a poisoned dart. The poisoned dart hits Maggie.
Maggie looks even sicker.
Maggie is lightly wounded.
Maggie hits you from afar with a +1 halberd of flaming!
Maggie burns you.
You throw a poisoned dart. The poisoned dart hits Maggie.
Maggie looks even sicker.
Maggie is lightly wounded.
Maggie hits you from afar with a +1 halberd of flaming!
Maggie burns you.
You throw a poisoned dart. The poisoned dart barely misses Maggie.
Maggie hits you from afar with a +1 halberd of flaming!
Maggie burns you.
Maggie gives herself a magical halo, but it quickly sputters out.
Maggie gestures at you while chanting. The bolt of fire hits you!
Maggie hits you with a +1 halberd of flaming.
* * * LOW HITPOINT WARNING * * *
Maggie burns you.
* * * LOW HITPOINT WARNING * * *
You puncture Maggie!
Your weapon exudes an aura of protection.
Maggie is moderately wounded.
Okay, then.
You can feel time thicken for a moment.
You can no longer inflict damage on those overly hasty.
Cheibriados lowers the support of your attributes as your movement quickens.
Maggie hits you with a +1 halberd of flaming.
* * * LOW HITPOINT WARNING * * *
Maggie burns you.
* * * LOW HITPOINT WARNING * * *
You barely miss Maggie.
Maggie is heavily wounded.
Maggie misses you.
It was a potion of degeneration.
There was something very wrong with that liquid.
You feel weakened.
You feel dopey.
You feel clumsy.
Maggie points at you and mumbles some strange words.
The bolt of fire hits you!
You die...

# .# ##.#
... ##.#
####..#
#..<..###.#
#)##@.....#
# #.@..###
###.(# .(#
.# ##


You could see Maggie (very poisoned).

Vanquished Creatures
  A hornet (D:5)
  Edmund (D:5)
  An orc warrior (D:6)
  An ice beast (D:6)
  2 sky beasts (D:6)
  An ogre (D:6)
  A necrophage (D:5)
  2 centaurs (D:6)
  A phantom (D:4)
  Blork the orc (D:5)
  A wyvern zombie (D:6)
  2 scorpions
  A wyvern skeleton (D:6)
  2 water moccasin skeletons (D:5)
  A howler monkey (D:5)
  3 hounds
  A jelly (D:5)
  A centaur skeleton (D:6)
  An orc priest (D:5)
  2 iguanas
  5 orc wizards
  3 gnolls (D:4)
  5 adders
  2 white imps (D:6)
  2 worms (D:4)
  2 dart slugs (D:2)
  9 orcs
  4 bats
  9 endoplasms
  3 giant cockroaches
  6 goblins
  8 hobgoblins
  6 jackals
  8 kobolds
  4 quokkas
  9 ball pythons
  5 frilled lizards
  7 rats
124 creatures vanquished.

Vanquished Creatures (others)
  6 fungi (D:1)
  48 plants
54 creatures vanquished.

Grand Total: 178 creatures vanquished

Notes
Turn   | Place    | Note
-------+----------+-------------------------------------------
     0 | D:1      | dolemite99 the Human Monk began the quest for the Orb.
     0 | D:1      | Reached XP level 1. HP: 18/18 MP: 1/1
    59 | D:1      | Found a faded altar of an unknown god.
   369 | D:1      | Became a worshipper of Cheibriados the Contemplative
   369 | D:1      | Reached * piety under Cheibriados
   369 | D:1      | Reached ** piety under Cheibriados
   524 | D:1      | Reached XP level 2. HP: 24/24 MP: 2/2
   530 | D:1      | Reached *** piety under Cheibriados
   924 | D:1      | Reached XP level 3. HP: 29/29 MP: 3/3
  1590 | D:2      | Reached **** piety under Cheibriados
  1695 | D:2      | Reached XP level 4. HP: 31/35 MP: 4/4
  1914 | D:2      | Found Goptular's Magic Scroll Shop.
  2167 | D:2      | Bought a scroll of fear for 42 gold pieces
  2167 | D:2      | Bought a scroll of identify for 24 gold pieces
  2542 | D:2      | Reached skill level 5 in Axes
  3103 | D:3      | Reached skill level 1 in Throwing
  3103 | D:3      | Reached XP level 5. HP: 32/41 MP: 5/5
  3528 | D:4      | Reached ***** piety under Cheibriados
  3793 | D:4      | Reached skill level 1 in Invocations
  4059 | D:4      | Reached XP level 6. HP: 47/47 MP: 7/7
  4893 | D:4      | Found Xiybb's Antique Weapon Boutique.
  5063 | D:5      | Entered Level 5 of the Dungeon
  5072 | D:5      | Noticed Edmund
  5096 | D:4      | Reached XP level 7. HP: 24/52 MP: 8/10
  5543 | D:5      | Reached skill level 5 in Invocations
  5572 | D:5      | Killed Edmund
  5661 | D:5      | Noticed Sigmund
  5758 | D:4      | Reached skill level 1 in Maces & Flails
  5920 | D:5      | Reached XP level 8. HP: 58/58 MP: 12/12
  6204 | D:5      | Reached skill level 2 in Maces & Flails
  6466 | D:5      | Noticed Blork the orc
  6484 | D:5      | Killed Blork the orc
  6485 | D:5      | Reached skill level 3 in Maces & Flails
  6671 | D:5      | Noticed a hornet
  6677 | D:5      | Paralysed by a hornet for 2 turns
  6682 | D:5      | Killed a hornet
  6683 | D:5      | Reached skill level 4 in Maces & Flails
  7170 | D:5      | Reached skill level 5 in Maces & Flails
  7650 | D:6      | Identified the ring "Zogezar" {rPois rN+ Int+6}
  7927 | D:6      | Reached skill level 6 in Maces & Flails
  8018 | D:6      | Reached XP level 9. HP: 52/63 MP: 13/13
  8277 | D:6      | Reached skill level 7 in Maces & Flails
  8866 | D:6      | Reached skill level 8 in Maces & Flails
  9323 | D:7      | Noticed Maggie
  9335 | D:7      | Killed from afar by Maggie

Illustrated notes

Levels and vault maps discovered:
D:1:      minmay_arrival_open_corners, layout_basic,
          dreamdust_ecumenical_altar_grove
D:2:      layout_basic, serial_shops, nicolae_square_shop,
          kennysheep_generic_room_12
D:3:      layout_rooms, minmay_door_square
D:4:      layout_rooms, serial_shops, shop
D:5:      layout_rooms, fedhas_altar_4, serial_bayou, serial_bayou_pond_a,
          serial_bayou_pond_e, serial_bayou_lake_a, serial_bayou_shore_a,
          uniq_crazy_yiuf_cottage, uniq_blork_the_orc, uniq_edmund, uniq_sigmund
D:6:      layout_cave_pools
D:7:      layout_loops_cross, mainiacjoe_overflow_alcove_1,
          minmay_temple_entry_junction_2, nicolae_wooded_promenade, uniq_maggie

Skill      XL: |  1  2  3  4  5  6  7  8  9 |
---------------+----------------------------+-----
Axes           | 4 5 6 |  6.0
Throwing       | 1 |  1.4
Invocations    | 1 4 6 |  6.2
Maces & Flails | 1 6 8 |  8.7
Fighting       | |  3.0
Dodging        | |  3.0
Stealth        | |  2.0

Action                   |  1- 3 |  4- 6 |  7- 9 || total
-------------------------+-------+-------+-------++-------
Melee: Hand axe          |    92 |   198 |    31 ||   321
       Dire flail        |       |       |   128 ||   128
       Flail             |       |       |     8 ||     8
Throw: Stone             |    62 |     9 |       ||    71
       Dart              |       |    79 |    37 ||   116
       Throwing net      |       |       |     1 ||     1
Invok: Slouch            |       |       |     6 ||     6
       Bend Time         |       |       |     1 ||     1
       Temporal Distorti |       |       |     2 ||     2
  Use: Scroll            |       |     7 |     3 ||    10
       Potion            |       |     1 |     6 ||     7
 Stab: Sleeping          |     1 |     1 |       ||     2
Armor: Ring mail         |    34 |     9 |       ||    43
       Chain mail        |       |    84 |   125 ||   209
       Scale mail        |       |     2 |       ||     2
Dodge: Dodged            |    63 |   129 |    79 ||   271

Table legend: (Time is in decaauts)
 A = Elapsed time spent in this place.
 B = Non-inter-level travel time spent in this place.
 C = Inter-level travel time spent in this place.
 D = Time resting spent in this place.
 E = Time spent auto-exploring this place.
 F = Levels seen in this place.
 G = Mean time per level.
                   A        B        C        D        E       F      G
               +--------+--------+--------+--------+--------+-----+--------+
         Total |  11795 |  11689 |    106 |   3957 |   5625 |   7 | 1685.0 |
       Dungeon |  11795 |  11689 |    106 |   3957 |   5625 |   7 | 1685.0 |
               +--------+--------+--------+--------+--------+-----+--------+

Top non-repeatable levels by time:
     D:4: 3302 daAuts
     D:2: 2256 daAuts
     D:6: 1932 daAuts
     D:1: 1705 daAuts
     D:5: 1642 daAuts
     D:3: 945 daAuts
     D:7: 11 daAuts
